nht, chaotic female elven Wizard ---- - |..----. |......- --.--..| |)||.-- |.||.--- |.||.%.| -@|---%--- .h.- |...| |.... ---.--- --.... |...-- ---.. ---.<| ... |..| ... --.- -.... |.. --... --- --- nht the Conjurer Experience level: 4 Strength: 25 Dexterity: 13 Constitution: 15 Intelligence: 11 Wisdom: 14 Charisma: 10 Health: 0(32) Energy: 40(47) Def: 3 Gold: 483 Moves: 1014 Dungeon seed: SzLQ2TQaEKDOUJ0G Game ID: nht_1430719915 Your Inventory: Coins $ - 483 gold pieces Weapons a - a blessed +1 quarterstaff (weapon in hands) w - a +0 elven dagger B - 7 +0 silver arrows Armor e - an uncursed +0 cloak of magic resistance (being worn) y - a blessed rustproof +0 pair of gauntlets of power (being worn) N - an uncursed +0 pair of water walking boots (being worn) Comestibles q - 3 uncursed food rations C - 2 uncursed tripe rations L - an uncursed lichen corpse Scrolls i - an uncursed scroll of blank paper j - an uncursed scroll of enchant weapon k - an uncursed scroll of identify t - 2 uncursed scrolls of scare monster A - an uncursed scroll of charging H - an uncursed scroll of food detection M - an uncursed scroll of destroy armor Spellbooks x - a blessed spellbook of blank paper Potions f - an uncursed potion of invisibility g - an uncursed potion of water h - an uncursed potion of polymorph r - an uncursed potion of restore ability D - an uncursed potion of booze F - an uncursed potion of healing O - an uncursed potion of sleeping Rings c - an uncursed ring of invisibility d - an uncursed ring of slow digestion Wands b - a wand of teleportation (0:6) Tools o - a magic marker (0:17) p - an uncursed tooled horn v - an uncursed lock pick Gems z - an uncursed worthless piece of yellow glass E - an uncursed garnet stone Y - an uncursed jasper stone Spells known in the end: Name Level Category Fail Memory a - force bolt 1 attack 38% 95% b - magic missile 2 attack 13% 95% c - charm monster 3 enchantment 55% 95% d - detect monsters 1 divination 38% 96% e - healing 1 healing 38% 98% Your skills at the end: Fighting Skills Weapon Skills quarterstaff [Basic] Spellcasting Skills attack spells [Basic] enchantment spells [Basic] Final Attributes: You were piously aligned. You were sleep resistant. You were magic-protected. You had infravision. You could walk on water. You were lucky. You are dead. Vanquished creatures: a giant bat a dwarf zombie a wererat 2 hobbits a large kobold 3 gnomes 3 geckos 4 jackals a goblin a bat a lichen 2 newts 21 creatures vanquished. Voluntary challenges: You were an atheist. You used a wielded weapon 22 times, starting on turn 29. You read items or engraved 12 times, starting on turn 128. You never genocided any monsters. You never polymorphed an object. You never changed form. You used 1 wish, starting on turn 62. You did not wish for any artifacts. You never split a pudding. You never wrote Elbereth's name. You never violated your personal moral code. Dungeon overview: The Dungeons of Doom: levels 1 to 6 Level 1 a long staircase Level 2 an armor shop Level 3 a sink stairs to The Gnomish Mines Level 4 a fountain Level 5 (books) a bookstore Level 6 The Gnomish Mines: Level 4 <- You were here stairs to The Dungeons of Doom History has recorded: On T:1 you entered the Dungeons of Doom to retrieve the Amulet of Yendor! On T:59 you reached level 2 of The Dungeons of Doom. On T:62 you wished for "+3 blessed fixed gauntlets of power". On T:192 you reached level 3 of The Dungeons of Doom. On T:311 you reached level 4 of The Dungeons of Doom. On T:437 you advanced to experience level 2. On T:585 you reached level 5 of The Dungeons of Doom. On T:643 you reached level 6 of The Dungeons of Doom. On T:712 you advanced to experience level 3. On T:984 you reached level 1 of The Gnomish Mines. On T:994 you advanced to experience level 4. Score breakdown: Gold: 483 ( 9132 points) Experience: 4 levels ( 9649 points) Exploration: 6 levels ( 13.04%) (10000 points) Discoveries: 0 items ( 0.00%) ( 0 points) Valuables value: (no points given unless you survive) Artifact value: 0 ( 0 points) Variety of kills: 12 monsters ( 3.17%) ( 5338 points) Time penalty: 1014 turns ( 0 points) Survival: died (score multiplied by 80%) Total score: 27295 Latest messages: You hit the mind flayer! The mind flayer thrusts his spear. The mind flayer hits! The mind flayer's tentacles suck you! Your brain is eaten! You feel stupid! The mind flayer's tentacles suck you! Your brain is eaten! You feel stupid! The mind flayer's tentacles suck you! You die... Final status: Goodbye nht the Wizard, killed by a mind flayer... You died in The Gnomish Mines on dungeon level 4 with 27295 points, and 483 pieces of gold, after 1014 moves. You were level 4 with a maximum of 32 hit points when you died.